 Dungeon Crawl Stone Soup version 0.27.1-34-g3ba077fa99 (webtiles) character file.

Game seed: 5710545822482215528

30 cbfl8 the Ducker (level 3, -2/28 HPs)
             Began as a Minotaur Wanderer on Jan 17, 2022.
             Slain by Terence (6 damage)
             ... on level 3 of the Dungeon.
             The game lasted 00:02:37 (1293 turns).

cbfl8 the Ducker (Minotaur Wanderer)                Turns: 1293, Time: 00:02:37

Health: -2/28      AC:  5    Str: 16    XL:     3   Next: 3%
Magic:  4/4        EV: 11    Int: 10    God:
Gold:   69         SH:  0    Dex:  9    Spells: 5/5 levels left

rFire    . . .     SeeInvis .   e - +2 short sword (freeze)
rCold    . . .     Faith    .   (no shield)
rNeg     . . .     Spirit   .   j - +0 ring mail
rPois    .         Reflect  .   (helmet restricted)
rElec    .         Harm     .   (no cloak)
rCorr    .         Rampage  .   (no gloves)
Will     .....                  (no boots)
Stlth    ..........             (no amulet)
HPRegen  0.09/turn              (no ring)
MPRegen  0.09/turn              (no ring)

@: no status effects
A: horns 2, retaliatory headbutt
a: no special abilities


You were on level 3 of the Dungeon.
You visited 1 branch of the dungeon, and saw 3 of its levels.

You collected 69 gold pieces.

Inventory:

Hand Weapons
 a - a +2 quarterstaff
 b - a +0 spear
 e - a +2 short sword of freezing (weapon)
 m - a +0 quick blade
Armour
 d - a +0 robe
 j - a +0 ring mail (worn)
 l - a +1 robe of fire resistance
Scrolls
 g - a scroll of summoning {unknown}
 h - a scroll of brand weapon {unknown}
 k - a scroll of identify {unknown}
Potions
 f - a potion of might {unknown}
 i - a potion of berserk rage {unknown}
Miscellaneous
 c - a piece from Xom's chessboard (13/15) (quivered)


   Skills:
 + Level 1.5 Fighting
 + Level 0.6 Short Blades
 + Level 1.3 Staves
 + Level 1.0 Throwing
 + Level 0.1 Armour
 + Level 4.0 Dodging
 + Level 1.6 Spellcasting
 + Level 1.1 Poison Magic
 + Level 1.0 Evocations


You had 5 spell levels left.
You didn't know any spells.
Your spell library was empty.

Dungeon Overview and Level Annotations

Branches:
Dungeon (3/15)

Altars:
Uskayaw

Annotations:
D:3 Terence


Innate Abilities, Weirdness & Mutations

You have a pair of horns on your head.
You reflexively headbutt those who attack you in melee.


Message History

You hit Terence. You freeze Terence.
Terence is moderately wounded.
Terence hits you with a +0 flail! Terence closely misses you.
Terence closely misses you. Terence barely misses you.
Terence screams, "I'm going to kill you!"
Found 10 gold pieces.
Terence closely misses you.
There is a stone staircase leading down here.
Terence barely misses you.
You climb downwards.
Found a metallic silvery potion and a club.
There is a stone staircase leading up here.
Terence completely misses you.
You climb upwards.
There is a stone staircase leading down here.
Terence hits you with a +0 flail.
You climb downwards.
There is a stone staircase leading up here.
Terence hits you with a +0 flail!
* * * LOW HITPOINT WARNING * * *
You climb upwards.
There is a stone staircase leading down here.
Terence barely misses you. You furiously retaliate!
You headbutt Terence.
You climb downwards.
There is a stone staircase leading up here.
Terence hits you with a +0 flail.
* * * LOW HITPOINT WARNING * * *
You climb upwards.
There is a stone staircase leading down here.
Terence closely misses you.
You climb downwards.
There is a stone staircase leading up here.
You make a move on Xom's chessboard...
Terence struggles to resist.
Terence hits you with a +0 flail.
* * * LOW HITPOINT WARNING * * *
You make a move on Xom's chessboard...
Terence seems to speed up.
Terence completely misses you. Terence hits you with a +0 flail.
You die...

....... .#
....... .#
....... .#
...... )#
#.... .#
#.!.. .# .#
#....#.#...#
#....@.....#
#...@.#.....#
#.....# ....#
###...# ...#
##... ..#
#.## .# #. #
..


You could see Terence (fast).

Vanquished Creatures
  A worm (D:2)
  2 dart slugs (D:1)
  An orc (D:2)
  2 bats (D:1)
  A giant cockroach (D:1)
  3 goblins
  2 hobgoblins (D:1)
  2 quokkas (D:1)
  2 ball pythons
  3 kobolds (D:1)
  2 rats
21 creatures vanquished.

Notes
Turn   | Place    | Note
-------+----------+-------------------------------------------
     0 | D:1      | cbfl8 the Minotaur Wanderer began the quest for the Orb.
     0 | D:1      | cbfl8 set off with the following items: a +2 quarterstaff,
                  | a +0 spear, a piece from Xom's chessboard (15/15), a +0
                  | robe
     0 | D:1      | Reached XP level 1. HP: 16/16 MP: 1/1
   161 | D:1      | Found a faded altar of an unknown god.
   183 | D:1      | Reached XP level 2. HP: 16/23 MP: 3/3
   820 | D:1      | Reached skill level 4 in Dodging
  1209 | D:2      | Reached XP level 3. HP: 28/28 MP: 4/4
  1256 | D:2      | Found a hide-covered altar of Uskayaw.
  1263 | D:2      | Noticed Terence
  1293 | D:3      | Slain by Terence

Illustrated notes

Levels and vault maps discovered:
D:1:      tarquinn_simple_flora_water_d, layout_basic,
          hellmonk_ecumenical_altar_lost_god
D:2:      layout_basic, basic_altar, minmay_pentomino_w2, uniq_natasha,
          uniq_terence
D:3:      layout_basic, kiku_gazebo_pond_becter, st_stairs_2

Skill      XL: |  1  2 |
---------------+-------+-----
Dodging        | 4 |  4.0
Fighting       | |  1.5
Short Blades   | |  0.6
Staves         | |  1.3
Throwing       | |  1.0
Armour         | |  0.1
Spellcasting   | |  1.6
Poison Magic   | |  1.1
Evocations     | |  1.0

Action                   || total
-------------------------++-------
Melee: Quarterstaff      ||     8
       Short sword       ||    40
       Headbutt          ||     8
Evoke: Piece from Xom's  ||     2
Armor: Robe              ||     1
       Ring mail         ||    10
Dodge: Dodged            ||    41
